 Dungeon Crawl Stone Soup version 0.26-a0-30-g56b8cd3df0 (webtiles) character file.

Game seed: 18343663221164072115, levelgen mode: deterministic

310 HAL9000 the Vexing (level 6, -8/28 HPs)
             Began as a Vine Stalker Enchanter on May 29, 2020.
             Killed by nerve-wracking pain
             ... invoked by Grinder
              (13 damage)
             ... on level 4 of the Dungeon.
             The game lasted 00:09:26 (3894 turns).

HAL9000 the Vexing (Vine Stalker Enchanter)         Turns: 3894, Time: 00:09:26

Health: -8/28      AC:  3    Str: 12    XL:     6   Next: 41%
Magic:  0/10       EV: 11    Int: 16    God:
Gold:   176        SH:  3    Dex: 14    Spells: 3/9 levels left

rFire    . . .     SeeInvis .   l - +3 rapier (flame)
rCold    . . .     Gourm    .   r - +0 buckler
rNeg     . . .     Faith    .   b - +0 robe
rPois    .         Spirit   +   x - +0 helmet
rElec    .         Reflect  .   (no cloak)
rCorr    .         Harm     .   (no gloves)
MR       .....                  (no boots)
Stlth    ++........             (no amulet)
HPRegen  0.49/turn              i - ring of fire
MPRegen  0.12/turn              q - ring of ice

@: no status effects
A: fangs 2, regeneration 1, magic shield, antimagic bite, no potion heal 3, rot
immunity
a: no special abilities


You were on level 4 of the Dungeon.
You were not hungry.

You visited 1 branch of the dungeon, and saw 4 of its levels.

You collected 176 gold pieces.

Inventory:

Hand Weapons
 a - a +1 dagger
 l - a +3 rapier of flaming (weapon)
 p - a +0 dagger of pain
Armour
 b - a +0 robe (worn)
 r - a +0 buckler (worn)
 x - a +0 helmet (worn)
Jewellery
 i - a ring of fire (left hand)
 q - a ring of ice (right hand)
Wands
 t - a wand of random effects (18)
 w - a wand of paralysis (8)
Scrolls
 e - 8 scrolls of remove curse {unknown}
 o - 2 scrolls of amnesia {unknown}
 s - a scroll of immolation {unknown}
 v - a scroll of identify {unknown}
Potions
 g - a potion of brilliance {unknown}
 j - 5 potions of curing {unknown}
 m - a potion of cancellation {unknown}
 n - a potion of heal wounds {unknown}
Comestibles
 d - 7 rations


   Skills:
 - Level 2.1 Short Blades
 - Level 1.5 Dodging
 - Level 3.6 Stealth
 + Level 0.4 Shields
 - Level 2.1 Spellcasting
 + Level 6.5 Hexes


You had 3 spell levels left.
You knew the following spells:

 Your Spells              Type           Power        Failure   Level  Hunger
a - Corona                Hex            ###....      2%          1    #......
b - Confusing Touch       Hex            ###.....     6%          3    ###....
z - Ensorcelled Hibernat  Hex/Ice        ###...       13%         2    ###....

Your spell library contained the following spells:

 Spells                   Type           Power        Failure   Level  Hunger
 Tukima's Dance           Hex            ###.....     6%          3    ###....
 Dazzling Flash           Conj/Hex       ##....       26%         3    ###....


Dungeon Overview and Level Annotations

Branches:
Dungeon (4/15)
 Temple: D:4-7

Altars:
Kikubaaqudgha
Nemelex Xobeh
Sif Muna
Trog
Zin

Annotations:
D:4 Grinder


Innate Abilities, Weirdness & Mutations

You have extremely sharp teeth.
Your natural rate of healing is unusually fast.
When hurt, damage is shared between your health and your magic reserves.
Your bite disrupts and absorbs the magic of your enemies.
Potions cannot restore your health.
You are immune to rotting.


Message History

Grinder closely misses you.
Unknown command.
You hit Grinder. You burn Grinder.
Grinder is heavily wounded.
Grinder gestures at you.
You suddenly lose the ability to move!
Grinder hits you!
You writhe in agony.
Grinder gestures at you. Pain shoots through your body!
You can move again.
You hit Grinder. You burn Grinder.
Grinder is heavily wounded.
Grinder hits you.
* * * LOW HITPOINT WARNING * * *
You writhe in agony.
* * * LOW HITPOINT WARNING * * *
Unknown command.
Grinder gestures at you. Pain shoots through your body!
You die...

.....####+##..
.....<..........#+#.
....................
.................s#
.................#
#...............#
#..............# .
#.<.........).#...
#......$.@.......$
#................#
#..........5.#####
########.....#
#.....# #..>..#
#.....# #.....#
#...:.#


You could see Grinder and a giant cockroach (asleep).

Vanquished Creatures
  A phantom (D:3)
  Jessica (D:3)
  An orc wizard (D:1)
  8 adders
  A worm (D:2)
  4 dart slugs
  3 leopard geckos
  3 orcs
  8 bats
  3 giant cockroaches
  10 goblins
  6 hobgoblins
  16 jackals
  3 quokkas
  3 frilled lizards
  8 kobolds
  4 rats
83 creatures vanquished.

Notes
Turn   | Place    | Note
-------+----------+-------------------------------------------
     0 | D:1      | HAL9000 the Vine Stalker Enchanter began the quest for the
                  | Orb.
     0 | D:1      | Reached XP level 1. HP: 9/9 MP: 4/4
   108 | D:1      | Reached XP level 2. HP: 13/13 MP: 6/6
   112 | D:1      | Learned a level 2 spell: Ensorcelled Hibernation
   511 | D:1      | Reached skill level 4 in Hexes
   950 | D:1      | Reached XP level 3. HP: 14/16 MP: 7/7
  1784 | D:2      | Gained mutation: Your natural rate of healing is unusually
                  | fast. [Vine Stalker growth]
  1784 | D:2      | Reached XP level 4. HP: 21/21 MP: 5/8
  1823 | D:2      | Reached skill level 5 in Hexes
  1831 | D:2      | Learned a level 3 spell: Confusing Touch
  2117 | D:2      | Reached XP level 5. HP: 24/24 MP: 4/9
  2751 | D:3      | Reached skill level 6 in Hexes
  2858 | D:3      | Noticed a phantom
  2908 | D:3      | Killed a phantom
  2908 | D:3      | Reached skill level 1 in Short Blades
  2908 | D:3      | Reached XP level 6. HP: 26/28 MP: 2/10
  3056 | D:3      | Noticed Jessica
  3063 | D:3      | Killed Jessica
  3381 | D:3      | Found a sparkling altar of Nemelex Xobeh.
  3383 | D:3      | Found a glowing silver altar of Zin.
  3391 | D:3      | Found an ancient bone altar of Kikubaaqudgha.
  3408 | D:3      | Found a shimmering blue altar of Sif Muna.
  3412 | D:3      | Found a bloodstained altar of Trog.
  3881 | D:4      | Noticed Grinder
  3890 | D:4      | Paralysed by Grinder for 3 turns
  3894 | D:4      | Killed from afar by Grinder

Illustrated notes

Levels and vault maps discovered:
D:1:      erik_arrival_cave_to_civilisation [erik_arrival_cave_to_hall],
          layout_loops_ring
D:2:      layout_rooms
D:3:      wad_crossroads, layout_basic, minmay_overflow_temple_star_hex,
          uniq_jessica
D:4:      layout_gridville, minmay_temple_entry_wispy, serial_shops,
          shop_fountains, nicolae_dithmenos_through_a_glass_darkly,
          uniq_grinder, uniq_natasha, uniq_sigmund

Skill      XL: |  1  2  3  4  5  6 |
---------------+-------------------+-----
Hexes          | 4 5 6 |  6.5
Short Blades   | 1 2 |  2.1
Dodging        | |  1.5
Stealth        | |  3.6
Shields        | |  0.4
Spellcasting   | |  2.1

Action                   |  1- 3 |  4- 6 || total
-------------------------+-------+-------++-------
Melee: Dagger            |    94 |    22 ||   116
       Bite              |    16 |    29 ||    45
       Rapier            |       |   121 ||   121
 Cast: Ensorcelled Hiber |    12 |     7 ||    19
       Corona            |       |     4 ||     4
       Confusing Touch   |       |     1 ||     1
 Stab: Sleeping          |     8 |     9 ||    17
       Distracted        |       |     1 ||     1
       Confused          |       |     1 ||     1
  Eat: Chunk             |     3 |     8 ||    11
Armor: Robe              |    27 |    25 ||    52
Dodge: Dodged            |    80 |   102 ||   182
Block: Buckler           |       |     3 ||     3

Table legend:
 A = Non-vault XP
 B = Vault XP
 C = Vault XP percentage of total XP
 D = Non-vault monster count
 E = Vault monster count
 F = Vault count percentage of total count
                 A         B        C        D         E       F
            +---------+---------+-------+---------+---------+-------
      Total |     281 |     163 |  36.7 |      78 |       5 |   6.0
            +---------+---------+-------+---------+---------+-------
        D:1 |     125 |       0 |   0.0 |      34 |       0 |   0.0
        D:2 |      98 |       0 |   0.0 |      24 |       0 |   0.0
        D:3 |      58 |     163 |  73.8 |      20 |       5 |  20.0
            +---------+---------+-------+---------+---------+-------
